Map: Bel'Shir Vestige LE (Void)

Players

DoomNexus

  • Race: Terran Terran
  • League: Gold
  • Spawn Location: 11:00

MadArto - Winner!

  • Race: Zerg Zerg
  • League: Platinum
  • Spawn Location: 5:00

VOD

Have the link to the VOD?

Description

Proxy Hatch with Spine Crawler and Queens

Time

  • Played on: March 28, 2017, 3:24 p.m.
  • Length: 5:14
Show
View Real Time Build Order
Export as new Build Order

DoomNexus Terran 

Build Orders:  

Get SALT Encoding   

  12  0:01  SCV  
  13  0:13  SCV  
  14  0:17  Supply Depot  
  14  0:25  SCV  
  15  0:39  SCV  
  15  0:40  Barracks  
  16  0:45  Refinery  
  16  0:51  SCV  
  17  1:03  SCV  
  18  1:15  SCV  
  19  1:28  Orbital Command  
  19  1:31  Marine  
  20  1:41  Command Center  
  20  1:52  Supply Depot  
  20  1:54  Marine  
  20  1:59  SCV  
  22  2:05  Barracks  
  21  2:21  Marine  
  21  2:24  SCV  
  22  2:36  SCV  
  23  2:39  Marine  
  23  2:41  Refinery  
  24  2:56  Marine x2  
  26  3:22  SCV  
  27  3:27  Factory  
  27  3:30  Barracks Reactor  
  27  3:34  Marine, SCV  
  27  3:43  Bunker  
  27  3:46  SCV  
  28  3:51  Marine  
  29  4:05  SCV  
  29  4:09  Marine  
  28  4:18  SCV, Marine x2  
  28  4:20  Widow Mine  
  33  4:27  Marine  
  34  4:35  Marine  
  34  4:36  Marine  
  35  4:45  Marine  
  27  4:58  SCV  
Show
View Real Time Build Order
Export as new Build Order

MadArto Zerg - Winner!

Build Orders: Pool First 

Get SALT Encoding   

  12  0:05  Drone  
  13  0:13  Drone  
  14  0:31  Spawning Pool  
  14  0:33  Drone  
  14  0:38  Overlord  
  14  1:13  Hatchery  
  14  1:18  Zergling x6  
  16  1:27  Queen  
  16  1:32  Drone  
  19  1:40  Drone  
  20  1:51  Drone  
  21  2:02  Zergling x2  
  22  2:23  Overlord  
  22  2:28  Queen  
  22  2:29  Zergling x2  
  25  2:40  Drone  
  25  3:02  Spine Crawler  
  25  3:03  Drone x2  
  25  3:04  Queen  
  28  3:25  Spine Crawler  
  27  3:29  Drone x2  
  27  3:30  Spine Crawler  
  27  4:19  Spine Crawler  
  27  4:20  Spine Crawler  
  23  4:32  Zergling x6  
Tags
 
Add a new tag
Caveats
  • Supply blocks, unpowered buildings, or Contaminate may cause inaccurate times.
  • Supply counts are checked every 10 seconds.